General information
- name: ZOTAC.EU.Bot P:| L:11
- type: Custom game
- host: Varlock
- saver: Foqqy
map: TurtleRock
- players: 6
- length: 09:07
- speed: Fast
- version: 1.26 W3XP
- replay type: Public
» download(75 KB)
Players
team 1 (winner)
Foqqy (
blue | 247 APM | 2250 actions | 09:07)
2 Demon Hunter
1 Immolation
1 Evasion
2 Pandaren Brewmaster
1 Breath of Fire
1 Drunken Haze
» actions
| Assign group hotkey | 48 | |
| Basic commands | 226 | |
| Build / train | 42 | |
| Enter build submenu | 11 | |
| Enter hero's abilities submenu | 4 | |
| Give item / drop item | 2 | |
| Right click | 675 | |
| Select / deselect | 285 | |
| Select group hotkey | 901 | |
| Use ability | 56 | |
2250 total
» units
| Wisp | 15 | |
| Archer | 4 | |
| Dryad | 2 | |
| Druid of the Claw | 1 | |
22 total
» upgrades
| Improved Bows | 1 | |
| Abolish Magic | 1 | |
| Druid of the Claw Training | 1 | |
3 total
» buildings
| Altar of Elders | 1 | |
| Moon Well | 4 | |
| Ancient of War | 1 | |
| Tree of Ages | 1 | |
| Hunter's Hall | 1 | |
| Ancient of Wonders | 1 | |
| Ancient of Lore | 2 | |
| Tree of Eternity | 2 | |
13 total
» build order
00:02 Altar of Elders
00:16 Moon Well
00:22 Ancient of War
01:34 Moon Well
02:48 Moon Well
03:04 Moon Well
03:30 Tree of Ages
04:31 Hunter's Hall
05:24 Ancient of Wonders
06:05 Ancient of Lore
06:06 Ancient of Lore
07:44 Tree of Eternity
07:44 Tree of Eternity
» items
| Staff of Teleportation | 1 | |
| Staff of Preservation | 1 | |
| Potion of Healing | 1 | |
3 total
team 2 (loser)
SK_Inso (
dark-green | 313 APM | 2850 actions | 09:06)
3 Archmage
2 Summon Water Elemental
1 Brilliance Aura
» actions
| Assign group hotkey | 162 | |
| Basic commands | 21 | |
| Build / train | 54 | |
| ESC pressed | 3 | |
| Enter build submenu | 15 | |
| Enter hero's abilities submenu | 3 | |
| Give item / drop item | 1 | |
| Right click | 1161 | |
| Select / deselect | 313 | |
| Select group hotkey | 1037 | |
| Use ability | 80 | |
2850 total
» units
» buildings
| Altar of Kings | 2 | |
| Farm | 5 | |
| Barracks | 1 | |
| Scout Tower | 3 | |
| Arcane Tower | 3 | |
| Lumber Mill | 1 | |
| Keep | 2 | |
| Blacksmith | 1 | |
| Arcane Vault | 1 | |
19 total
» build order
00:02 Altar of Kings
00:04 Altar of Kings
00:11 Farm
00:28 Barracks
01:02 Farm
01:49 Farm
03:40 Farm
04:29 Scout Tower
05:07 Scout Tower
05:32 Arcane Tower
05:40 Arcane Tower
05:40 Arcane Tower
06:09 Scout Tower
06:11 Lumber Mill
07:40 Keep
07:40 Keep
08:02 Blacksmith
08:04 Arcane Vault
08:20 Farm
» items
observersZOTAC.Meeep,
CoB-mARsch,
sTaDoenertime,
^^FreeDoom^^ Chat log
(00:00 / All) ZOTAC.Meeep: Welcome to ZOTAC WC3 Cup!
(00:10 / All) Foqqy: like this new system?
(00:33 / All) ZOTAC.Meeep: ZOTAC.Meeep has left the game voluntarily.
(09:05 / All) SK_Inso: gg
(09:06 / All) Foqqy: SK_Inso has left the game voluntarily.